 Dungeon Crawl Stone Soup version 0.23.2-30-g0e89c35649 (webtiles) character file.

Game seed: 9703374768837458571

11975 teukkam the Protected (level 11, -2/102 HPs)
             Began as a Minotaur Fighter on June 7, 2019.
             Was an Initiate of Jiyva.
             Slain by a six-headed hydra (12 damage)
             ... on level 6 of the Lair of Beasts.
             The game lasted 00:41:03 (8248 turns).

teukkam the Protected (Minotaur Fighter)            Turns: 8248, Time: 00:41:04

Health: -2/102     AC: 15    Str: 28    XL:     11   Next: 56%
Magic:  11/11      EV:  8    Int:  6    God:    Jiyva [......]
Gold:   1616       SH: 10    Dex: 11    Spells: 10/10 levels left

rFire    . . .     SeeInvis .   a - +2 hand axe (chop)
rCold    . . .     Gourm    .   j - +0 shield
rNeg     + . .     Faith    .   x - +1 chain mail of a bazaar {Stlth+}
rPois    .         Spirit   .   (helmet restricted)
rElec    .         Reflect  .   h - +0 cloak
rCorr    .         Harm     .   (no gloves)
MR       .....                  (no boots)
Stlth    ..........             o - amulet of the acrobat
HPRegen  0.67/turn              u - +3 ring of strength
MPRegen  0.12/turn              q - ring of the Octopus King {rN+ AC+1 EV+1 Str+1 Int+1 Dex+1}

@: lethally poisoned (-2 -> -5), about to teleport
A: retaliatory headbutt, hooves 1, horns 2, regeneration 1
a: Renounce Religion


You were on level 6 of the Lair of Beasts.
You worshipped Jiyva.
Jiyva was noncommittal.
You were not hungry.

You visited 3 branches of the dungeon, and saw 14 of its levels.

You collected 1694 gold pieces.
You paid 78 gold pieces to Gozag.

Inventory:

Hand Weapons
 a - a +2 hand axe of chopping (weapon)
 b - a +0 hunting sling
 c - a +1 whip of draining
 e - a +0 war axe
 n - a +0 lajatang
 r - a +0 blowgun
 z - a +2 mace of protection
 F - a +0 longbow
Missiles
 m - 216 stones (quivered)
 y - 66 sling bullets
 C - a throwing net
 E - 74 arrows
 N - 7 javelins
Armour
 h - a +0 cloak (worn)
 j - a +0 shield (worn)
 x - the +1 chain mail of a bazaar (worn) {Stlth+}
   (You found it on level 2 of the Lair of Beasts)

   It makes you more stealthy.
Jewellery
 d - an uncursed ring of flight
 i - an uncursed ring of protection from magic
 o - an amulet of the acrobat (around neck)
 q - a ring of the Octopus King (right hand) {rN+ AC+1 EV+1 Str+1 Int+1 Dex+1}
   (You found it on level 5 of the Dungeon)

   [ring of positive energy]

   It affects your AC (+1).
   It affects your evasion (+1).
   It affects your strength (+1).
   It affects your intelligence (+1).
   It affects your dexterity (+1).
   It protects you from negative energy.
 s - an uncursed amulet of the gourmand
 u - a +3 ring of strength (left hand)
 H - an uncursed ring of protection from fire
 O - an uncursed ring of protection from magic
 T - an uncursed amulet of rage {unknown}
Wands
 l - a wand of polymorph (7)
 A - a wand of random effects (11)
 L - a wand of digging (5)
 M - a wand of disintegration (13)
 R - a wand of paralysis (12)
Scrolls
 g - 7 scrolls of identify
 k - a scroll of teleportation
 w - 2 scrolls of fear
 G - 3 scrolls of remove curse
 Q - 2 scrolls of vulnerability
 S - a scroll of brand weapon {unknown}
Potions
 p - 2 potions of flight
 t - a potion of cancellation {unknown}
 v - a potion of might
 B - a potion of haste
 D - a potion of degeneration {unknown}
 I - a potion of lignification {unknown}
 K - a potion of ambrosia {unknown}
 P - a potion of curing {unknown}
Miscellaneous
 J - a phantom mirror
Comestibles
 f - 8 rations


   Skills:
 + Level 11.4 Fighting
 + Level 11.3 Axes
 + Level 10.6 Staves
 + Level 11.5 Armour
 - Level 0.3 Dodging
 - Level 4.3 Shields
 + Level 1.5 Evocations


You had 10 spell levels left.
You didn't know any spells.
Your spell library was empty.

Dungeon Overview and Level Annotations

Branches:
Dungeon (9/15)             Temple (1/1) D:5            Lair (3/6) D:8
 Shoals (0/4) Lair:3       Spider (0/4) Lair:2        Slime (0/5) Lair:6
    Orc: D:9-12

Altars:
Dithmenos
Elyvilon
Fedhas
Gozag
Hepliaklqana
Kikubaaqudgha
Nemelex Xobeh
Okawaru
Qazlal
Ru
Sif Muna
Trog
Uskayaw
Vehumet
Wu Jian
Xom
Yredelemnul
Zin
The Shining One
Jiyva

Shops:
D:5 *


Innate Abilities, Weirdness & Mutations

You reflexively headbutt those who attack you in melee.
You have a pair of horns on your head.
You have large cloven feet.
Your natural rate of healing is unusually fast.


Message History

The six-headed hydra bites you but does no damage.
The water moccasin barely misses you. You furiously retaliate!
You headbutt the water moccasin. The spiny frog stings you.
As you read the scroll of fear, it crumbles to dust.
You assume a fearsome visage.
The spiny frog looks frightened!
The water moccasin misses you. The six-headed hydra bites you. x3
The six-headed hydra bites you!
* * * LOW HITPOINT WARNING * * *
You block the six-headed hydra's attack. x2
The water moccasin bites you.
* * * LOW HITPOINT WARNING * * *
You are poisoned.
The water moccasin poisons you! The six-headed hydra barely misses you.
The six-headed hydra bites you but does no damage.
The six-headed hydra bites you.
* * * LOW HITPOINT WARNING * * *
The six-headed hydra barely misses you. The six-headed hydra bites you.
* * * LOW HITPOINT WARNING * * *
The six-headed hydra bites you!
You die...

##†........
#..........
#P.........
#..........
##.......(..
##...........
#...(........
###D.........
#@.F)......
#S.........
.....##.P..
......P#P#.
.......##
....P.P##
#...P...#
###.P.###


You could see a six-headed hydra (berserk), a spiny frog (fleeing) and a water
moccasin (berserk).

Vanquished Creatures
  Harold (D:7)
  2 hydras (Lair:3)
  An unseen horror (D:8)
  Pikel (D:7)
  2 black mambas
  An elephant (D:8)
  2 spiny frogs
  A komodo dragon (Lair:1)
  2 polar bears (Lair:6)
  4 hippogriffs
  3 blink frogs (Lair:6)
  Sigmund (D:2)
  A wyvern (Lair:6)
  A basilisk (Lair:2)
  4 porcupines
  3 water moccasins
  A sky beast (D:6)
  2 orc warriors
  A phantom (D:7)
  4 wolves (Lair:6)
  3 ice beasts
  A centaur (D:8)
  3 ogres
  8 crocodiles
  8 bullfrogs
  4 scorpions
  14 killer bees (Lair:1)
  8 wights (D:6)
  An electric eel (D:6)
  2 crimson imps
  A bullfrog zombie (D:8)
  3 hounds
  A jelly (D:5)
  3 orc priests
  A bullfrog skeleton (D:6)
  2 centaur skeletons
  3 orc wizards
  Terence (D:2)
  2 iguanas
  2 hound skeletons (D:6)
  A worker ant zombie (D:6)
  7 adders
  2 gnolls (D:2)
  4 worms
  A dart slug (D:1)
  8 leopard geckos
  16 orcs
  2 ball pythons
  10 bats
  7 giant cockroaches
  13 goblins
  6 hobgoblins
  15 jackals
  10 kobolds
  3 quokkas
  8 frilled lizards
  A leopard gecko zombie (D:8)
  8 rats
  A plant (Lair:1)
232 creatures vanquished.

Vanquished Creatures (others)
  A killer bee (Lair:2)
  3 orcs (D:7)
  3 fungi (Lair:6)
  3 plants (Lair:6)
10 creatures vanquished.

Grand Total: 242 creatures vanquished

Notes
Turn   | Place    | Note
-------+----------+-------------------------------------------
     0 | D:1      | teukkam the Minotaur Fighter began the quest for the Orb.
     0 | D:1      | Reached XP level 1. HP: 19/19 MP: 0/0
    57 | D:1      | Reached XP level 2. HP: 19/27 MP: 1/1
   205 | D:2      | Found an iron altar of Okawaru.
   348 | D:2      | Reached XP level 3. HP: 32/33 MP: 2/2
   459 | D:2      | Noticed Sigmund
   462 | D:2      | Noticed Terence
   537 | D:2      | Found an iron altar of Okawaru.
   690 | D:3      | Reached XP level 4. HP: 37/40 MP: 3/3
   878 | D:4      | Reached skill level 1 in Staves
   878 | D:4      | Reached XP level 5. HP: 33/47 MP: 4/4
  1027 | D:4      | Reached skill level 5 in Armour
  1086 | D:4      | Noticed an ogre
  1093 | D:5      | Entered Level 5 of the Dungeon
  1093 | D:5      | Noticed an ogre
  1095 | D:5      | Killed an ogre
  1095 | D:5      | Reached skill level 5 in Fighting
  1095 | D:5      | Reached XP level 6. HP: 44/56 MP: 5/5
  1247 | D:5      | Found the ring of the Octopus King
  1256 | D:5      | Got a ring of the Octopus King
  1257 | D:5      | Identified a ring of the Octopus King {rN+ AC+1 EV+1 Str+1
                  | Int+1 Dex+1} (You found it on level 5 of the Dungeon)
  1428 | D:5      | Found a staircase to the Ecumenical Temple.
  1455 | Temple   | Entered the Ecumenical Temple
  1551 | Temple   | Became a worshipper of Gozag Ym Sagoz the Greedy
  2789 | D:2      | Killed Terence
  2789 | D:2      | Reached skill level 5 in Axes
  2828 | D:2      | Killed Sigmund
  2828 | D:2      | Reached XP level 7. HP: 62/62 MP: 6/6
  3464 | D:3      | Noticed a hippogriff
  3472 | D:3      | Killed a hippogriff
  3768 | D:4      | Reached XP level 8. HP: 53/71 MP: 7/7
  4095 | D:5      | Found Zin's Purification Station.
  4095 | D:5      | Found a glowing silver altar of Zin.
  4276 | D:6      | Reached skill level 5 in Staves
  4325 | D:6      | Gained mutation: Your natural rate of healing is unusually
                  | fast. [potion of mutation]
  4325 | D:6      | Gained mutation: You have large cloven feet. [potion of
                  | mutation]
  4328 | D:6      | HP: 3/71 [electric eel/bolt of electricity (7)]
  4957 | D:6      | Found a glowing golden altar of the Shining One.
  4987 | D:6      | Reached XP level 9. HP: 81/81 MP: 8/8
  5104 | D:6      | Found a hide-covered altar of Uskayaw.
  5555 | D:7      | Noticed Pikel
  5562 | D:7      | Killed Pikel
  5598 | D:7      | Noticed Harold
  5612 | D:7      | Killed Harold
  5670 | D:8      | Reached XP level 10. HP: 91/91 MP: 9/9
  5673 | D:8      | Found a staircase to the Lair.
  5673 | D:8      | Noticed an elephant
  5689 | D:8      | Killed an unseen horror
  5691 | D:8      | Killed an elephant
  6477 | Lair:1   | Entered Level 1 of the Lair of Beasts
  6528 | Lair:1   | Reached skill level 10 in Armour
  6604 | Lair:1   | Reached skill level 10 in Fighting
  6687 | Lair:1   | Reached skill level 10 in Axes
  6845 | Lair:1   | Noticed a seven-headed hydra
  6850 | Lair:1   | You fall through a shaft!
  6869 | Lair:2   | Got a spiked chain mail
  6880 | Lair:2   | Identified the +1 chain mail of a bazaar {Stlth+} (You
                  | found it on level 2 of the Lair of Beasts)
  7019 | Lair:2   | Noticed a black mamba
  7023 | Lair:2   | Killed a black mamba
  7110 | Lair:2   | Reached XP level 11. HP: 91/101 MP: 10/10
  7429 | Lair:2   | Found a hole to the Spider Nest.
  7429 | Lair:2   | Noticed an orb spider
  7519 | Lair:3   | Noticed a four-headed hydra
  7520 | Lair:3   | Noticed a five-headed hydra
  7560 | Lair:3   | Reached skill level 10 in Staves
  7565 | Lair:3   | Found a staircase to the Shoals.
  7609 | Lair:3   | Killed a four-headed hydra
  7743 | Lair:3   | Killed a five-headed hydra
  7744 | Lair:3   | You fall through a shaft for 3 floors!
  7744 | Lair:6   | Entered Level 6 of the Lair of Beasts
  7843 | Lair:6   | Noticed a catoblepas
  7843 | Lair:6   | Noticed a death yak
  7843 | Lair:6   | Noticed a death yak
  7843 | Lair:6   | Noticed a death yak
  7924 | Lair:6   | Noticed a seven-headed hydra
  8048 | Lair:6   | Reached skill level 1 in Evocations
  8168 | Lair:6   | Found a viscous altar of Jiyva.
  8168 | Lair:6   | Found a staircase to the Slime Pits.
  8178 | Lair:6   | Fell from the grace of Gozag
  8178 | Lair:6   | Became a worshipper of Jiyva Jagalapa the Shapeless
  8239 | Lair:6   | Noticed a six-headed hydra
  8248 | Lair:6   | Slain by a six-headed hydra

Skill      XL: |  1  2  3  4  5  6  7  8  9 10 11 |
---------------+----------------------------------+-----
Fighting       | 4 5 6 7 9 10 11 | 11.4
Armour         | 4 5 6 7 9 10 11 | 11.5
Shields        | 4 |  4.3
Axes           | 3 4 5 6 7 9 10 11 | 11.3
Staves         | 1 2 3 4 6 8 9 10 | 10.6
Evocations     | 1 |  1.5
Dodging        | |  0.3

Action                   |  1- 3 |  4- 6 |  7- 9 | 10-12 || total
-------------------------+-------+-------+-------+-------++-------
Melee: War axe           |    71 |    50 |       |       ||   121
       Headbutt          |    13 |    19 |    46 |    51 ||   129
       Hand axe          |       |    63 |   176 |   212 ||   451
       Kick              |       |       |    39 |    70 ||   109
       Whip              |       |       |       |    17 ||    17
 Fire: Hunting sling     |       |       |     7 |    20 ||    27
Evoke: Wand              |       |     4 |     7 |    11 ||    22
  Use: Potion            |     1 |     1 |     7 |       ||     9
       Scroll            |       |     7 |     3 |     9 ||    19
 Stab: Distracted        |       |       |       |     1 ||     1
  Eat: Chunk             |       |     2 |       |       ||     2
       Ration            |       |     1 |     3 |     3 ||     7
Armor: Scale mail        |    45 |    67 |    51 |    22 ||   185
       Chain mail        |       |       |       |   100 ||   100
Dodge: Dodged            |    45 |    72 |    63 |    99 ||   279
Block: Shield            |    38 |    13 |    90 |   146 ||   287
